PL
BOSTON PATRIOTS @ BROOKLYN DODGERS
10/06/2020
 
TOP OF THE 1ST
Boston Patriots batting - Pitching for Brooklyn Dodgers : LHP Jim Eliott
Pitching: LHP Jim Eliott
Batting: RHB Wilfred McLaughlin 0-0: Foul Ball, location: 2F
0-1: Called Strike
0-2: DOUBLE (Groundball, 5L)
Batting: RHB Tommy Jones 0-0: Ball
1-0: Called Strike
1-1: Foul Ball, location: 2F
1-2: Foul Ball, location: 2F
1-2: Ball
2-2: SINGLE (Line Drive, 56)
Wilfred McLaughlin to third
Runner from 3rd tries for Home, SAFE, no throw or cutoff
Batting: LHB Chad Armstrong 0-0: Ball
1-0: Called Strike
1-1: Ball
2-1: Fly out, F8 (Flyball, 8RD)
Batting: LHB Bill Chambers 0-0: Ball
1-0: Foul Ball, location: 2F
1-1: Ground out 3-1 (Groundball, 34)
Tommy Jones to second
Batting: RHB Manuel Villarreal 0-0: Ball
1-0: Ball
2-0: Ball
3-0: Base on Balls
Batting: RHB Bob Heller 0-0: Foul Ball, location: 2F
0-1: Ball
1-1: Fly out, F5 (Popup, 15)
Top of the 1st over - 1 run(s), 2 hit(s), 0 error(s), 2 left on base; Boston 1 - Brooklyn 0
BOTTOM OF THE 1ST
Brooklyn Dodgers batting - Pitching for Boston Patriots : RHP Tom Reynolds
Pitching: RHP Tom Reynolds
Batting: LHB Ye Der 0-0: Ball
1-0: Ground out U3 (Groundball, 3)
Batting: LHB Pancho García 0-0: Ball
1-0: Ball
2-0: Ground out 4-3 (Groundball, 4M)
Batting: RHB Thom Wilcox 0-0: Ground out 5-3 (Groundball, 56)
Bottom of the 1st over - 0 run(s), 0 hit(s), 0 error(s), 0 left on base; Boston 1 - Brooklyn 0
TOP OF THE 2ND
Boston Patriots batting - Pitching for Brooklyn Dodgers : LHP Jim Eliott
Batting: RHB John MacGregor 0-0: Called Strike
0-1: Ball
1-1: Ball
2-1: SINGLE (Line Drive, 6MD)
Batting: RHB Tom Reynolds 0-0: Ball
1-0: Bunted foul
1-1: Ball
2-1: Sac Bunt - play at first, batter OUT! 2-4
John MacGregor to second
Batting: RHB Gil Jenkins 0-0: Ball
1-0: Ball
2-0: Foul Ball, location: 2F
2-1: Called Strike
2-2: Foul Ball, location: 2F
2-2: Strikes out swinging
Batting: RHB Wilfred McLaughlin 0-0: Ball
1-0: Swinging Strike
1-1: Ball
2-1: Foul Ball, location: 2F
2-2: Ball
3-2: Strikes out swinging
Top of the 2nd over - 0 run(s), 1 hit(s), 0 error(s), 1 left on base; Boston 1 - Brooklyn 0
BOTTOM OF THE 2ND
Brooklyn Dodgers batting - Pitching for Boston Patriots : RHP Tom Reynolds
Batting: LHB Ray Sears 0-0: Ball
1-0: Called Strike
1-1: Called Strike
1-2: Strikes out looking
Batting: LHB Tony Dyer 0-0: Foul Ball, location: 2F
0-1: Swinging Strike
0-2: Ball
1-2: Foul Ball, location: 2F
1-2: Ball
2-2: Ball
3-2: SINGLE (Groundball, 34D)
Batting: LHB Rubén López 0-0: Called Strike
0-1: Fly out, F9 (Line Drive, 9M)
Batting: LHB Kelly Brown 0-0: Foul Ball, location: 2F
0-1: Ball
1-1: Swinging Strike
1-2: Ball
2-2: Ball
Passed Ball!
Tony Dyer to second
3-2: Strikes out looking
Bottom of the 2nd over - 0 run(s), 1 hit(s), 0 error(s), 1 left on base; Boston 1 - Brooklyn 0
TOP OF THE 3RD
Boston Patriots batting - Pitching for Brooklyn Dodgers : LHP Jim Eliott
Batting: RHB Tommy Jones 0-0: Called Strike
0-1: Called Strike
0-2: SINGLE (Flyball, 78S)
Batting: LHB Chad Armstrong 0-0: Ball
1-0: Ball
2-0: Foul Ball, location: 2F
2-1: Ball
3-1: Swinging Strike
3-2: 2-RUN HOME RUN (Line Drive, 8RXD), Distance : 447 ft
Batting: LHB Bill Chambers 0-0: Ball
1-0: Ball
2-0: Foul Ball, location: 2F
2-1: Fly out, F8 (Flyball, 8RS)
Batting: RHB Manuel Villarreal 0-0: Called Strike
0-1: Foul Ball, location: 2F
0-2: Foul Ball, location: 2F
0-2: Ball
1-2: Ball
2-2: Ball
3-2: SINGLE (Groundball, 56D)
Batting: RHB Bob Heller 0-0: Foul Ball, location: 2F
0-1: Fly out, F9 (Flyball, 89S)
Batting: RHB John MacGregor 0-0: DOUBLE (Flyball, 8LXD)
Manuel Villarreal to third
Runner from 3rd tries for Home, SAFE, no throw or cutoff
Batting: RHB Tom Reynolds 0-0: Ground out 1-3 (Groundball, 23)
Top of the 3rd over - 3 run(s), 4 hit(s), 0 error(s), 1 left on base; Boston 4 - Brooklyn 0
BOTTOM OF THE 3RD
Brooklyn Dodgers batting - Pitching for Boston Patriots : RHP Tom Reynolds
Batting: RHB Sean Davis 0-0: Ground out 1-3 (Groundball, 15)
Batting: LHB Jim Eliott 0-0: Foul Ball, location: 2F
0-1: Foul Ball, location: 2F
0-2: Ball
1-2: Ball
2-2: Fly out, F8 (Flyball, 8LM)
Batting: LHB Ye Der 0-0: Ball
1-0: Called Strike
1-1: Called Strike
1-2: Strikes out swinging
Bottom of the 3rd over - 0 run(s), 0 hit(s), 0 error(s), 0 left on base; Boston 4 - Brooklyn 0
TOP OF THE 4TH
Boston Patriots batting - Pitching for Brooklyn Dodgers : LHP Jim Eliott
Batting: RHB Gil Jenkins 0-0: Ball
1-0: Called Strike
1-1: Ball
2-1: Ground out 4-3 (Groundball, 4)
Batting: RHB Wilfred McLaughlin 0-0: Called Strike
0-1: Ground out 6-3 (Groundball, 6)
Batting: RHB Tommy Jones 0-0: Called Strike
0-1: Ball
1-1: Called Strike
1-2: Strikes out swinging
Top of the 4th over - 0 run(s), 0 hit(s), 0 error(s), 0 left on base; Boston 4 - Brooklyn 0
BOTTOM OF THE 4TH
Brooklyn Dodgers batting - Pitching for Boston Patriots : RHP Tom Reynolds
Batting: LHB Pancho García 0-0: Ball
1-0: SINGLE (Flyball, 7S)
Batting: RHB Thom Wilcox 0-0: Ball
1-0: Ball
2-0: Called Strike
2-1: Fly out, F8 (Flyball, 8LD)
Batting: LHB Ray Sears 0-0: Ball
1-0: SINGLE (Groundball, 4M)
Pancho García to second
Runner from 2nd tries for 3rd, SAFE, throw made to third
Batting: LHB Tony Dyer 0-0: Foul Ball, location: 2F
0-1: Ball
1-1: Ball
2-1: Grounds into double play, 4-6-3 (Groundball, 34)
Bottom of the 4th over - 0 run(s), 2 hit(s), 0 error(s), 1 left on base; Boston 4 - Brooklyn 0
TOP OF THE 5TH
Boston Patriots batting - Pitching for Brooklyn Dodgers : LHP Jim Eliott
Batting: LHB Chad Armstrong 0-0: Called Strike
0-1: Ball
1-1: Ball
2-1: Foul Ball, location: 2F
2-2: Foul Ball, location: 2F
2-2: Foul Ball, location: 2F
2-2: Ball
3-2: Ground out 4-3 (Groundball, 4M)
Batting: LHB Bill Chambers 0-0: Ball
1-0: Ground out 5-3 (Groundball, 56)
Batting: RHB Manuel Villarreal 0-0: Ball
1-0: Ball
2-0: Called Strike
2-1: Foul Ball, location: 2F
2-2: Foul Ball, location: 2F
2-2: Foul Ball, location: 2F
2-2: Foul Ball, location: 2F
2-2: Foul Ball, location: 2F
2-2: Foul Ball, location: 2F
2-2: Ball
3-2: Foul Ball, location: 2F
3-2: Ground out 6-3 (Groundball, 6)
Top of the 5th over - 0 run(s), 0 hit(s), 0 error(s), 0 left on base; Boston 4 - Brooklyn 0
BOTTOM OF THE 5TH
Brooklyn Dodgers batting - Pitching for Boston Patriots : RHP Tom Reynolds
Batting: LHB Rubén López 0-0: Ball
1-0: Foul Ball, location: 2F
1-1: Swinging Strike
1-2: Fly out, F9 (Line Drive, 9M)
Batting: LHB Kelly Brown 0-0: SINGLE (Groundball, 6MD)
Batting: RHB Sean Davis 0-0: Called Strike
0-1: Swinging Strike
0-2: Ball
1-2: Ball
2-2: Foul Ball, location: 2F
2-2: Ball
3-2: Strikes out swinging
Pinch Hitting: LHB Ron Bascombe 0-0: Foul Ball, location: 2F
0-1: Ball
Wild Pitch!
Kelly Brown to second
1-1: Fly out, F9 (Flyball, 89M)
Bottom of the 5th over - 0 run(s), 1 hit(s), 0 error(s), 1 left on base; Boston 4 - Brooklyn 0
TOP OF THE 6TH
Boston Patriots batting - Pitching for Brooklyn Dodgers : LHP Jim Eliott
Pitching: RHP Angus Barlow
Batting: RHB Bob Heller 0-0: Called Strike
0-1: Ball
1-1: Ball
2-1: Foul Ball, location: 2F
2-2: SINGLE (Line Drive, 56D)
Batting: RHB John MacGregor 0-0: Called Strike
0-1: Ball
1-1: Swinging Strike
1-2: Strikes out swinging
Batting: RHB Tom Reynolds 0-0: Bunt missed!
0-1: Sac Bunt - play at first, batter OUT! 1-4
Bob Heller to second
Batting: RHB Gil Jenkins 0-0: Foul Ball, location: 2F
0-1: SINGLE (Groundball, 34D)
Bob Heller to third
Runner from 3rd tries for Home, SAFE, no throw or cutoff
Batting: RHB Wilfred McLaughlin 0-0: Ball
1-0: Ball
2-0: Foul Ball, location: 2F
2-1: Ball
3-1: Called Strike
3-2: Foul Ball, location: 2F
3-2: Base on Balls
Gil Jenkins to second
Batting: RHB Tommy Jones 0-0: Ball
1-0: Ball
2-0: Ball
3-0: Called Strike
3-1: Base on Balls
Gil Jenkins to third
Wilfred McLaughlin to second
Batting: LHB Chad Armstrong 0-0: GRAND SLAM HOME RUN (Flyball, 89XD), Distance : 427 ft
Pitching: LHP Dalton García
Batting: LHB Bill Chambers 0-0: Foul Ball, location: 2F
0-1: Ball
1-1: Called Strike
1-2: Foul Ball, location: 2F
1-2: Foul Ball, location: 2F
1-2: Strikes out swinging
Top of the 6th over - 5 run(s), 3 hit(s), 0 error(s), 0 left on base; Boston 9 - Brooklyn 0
BOTTOM OF THE 6TH
Brooklyn Dodgers batting - Pitching for Boston Patriots : RHP Tom Reynolds
Batting: LHB Ye Der 0-0: Ball
1-0: Called Strike
1-1: Ball
2-1: Foul Ball, location: 2F
2-2: Ground out 4-3 (Groundball, 4M)
Batting: LHB Pancho García 0-0: Ball
1-0: Ball
2-0: Called Strike
2-1: Called Strike
2-2: Fly out, F9 (Line Drive, 9D)
Batting: RHB Thom Wilcox 0-0: Ball
1-0: Ball
2-0: Ground out 6-3 (Groundball, 6)
Bottom of the 6th over - 0 run(s), 0 hit(s), 0 error(s), 0 left on base; Boston 9 - Brooklyn 0
TOP OF THE 7TH
Boston Patriots batting - Pitching for Brooklyn Dodgers : LHP Dalton García
Batting: RHB Manuel Villarreal 0-0: Swinging Strike
0-1: Ground out 6-3 (Groundball, 6M)
Batting: RHB Bob Heller 0-0: Called Strike
0-1: Ball
1-1: Foul Ball, location: 2F
1-2: Ball
2-2: Strikes out swinging
Batting: RHB John MacGregor 0-0: Ball
1-0: Foul Ball, location: 2F
1-1: Swinging Strike
1-2: Ball
2-2: Strikes out swinging
Top of the 7th over - 0 run(s), 0 hit(s), 0 error(s), 0 left on base; Boston 9 - Brooklyn 0
BOTTOM OF THE 7TH
Brooklyn Dodgers batting - Pitching for Boston Patriots : RHP Tom Reynolds
Batting: LHB Ray Sears 0-0: Ground out 4-3 (Groundball, 34)
Batting: LHB Tony Dyer 0-0: Called Strike
0-1: Ball
1-1: Ground out 4-3 (Groundball, 4)
Batting: LHB Rubén López 0-0: Foul Ball, location: 2F
0-1: Ground out 3-1 (Groundball, 34)
Bottom of the 7th over - 0 run(s), 0 hit(s), 0 error(s), 0 left on base; Boston 9 - Brooklyn 0
TOP OF THE 8TH
Boston Patriots batting - Pitching for Brooklyn Dodgers : LHP Dalton García
Batting: RHB Tom Reynolds 0-0: Called Strike
0-1: Fly out, F2 (Popup, 2LF)
Batting: RHB Gil Jenkins 0-0: Ball
1-0: Ball
2-0: SOLO HOME RUN (Flyball, 7D), Distance : 396 ft
Batting: RHB Wilfred McLaughlin 0-0: Fly out, F9 (Flyball, 9LM)
Batting: RHB Tommy Jones 0-0: Ball
1-0: Foul Ball, location: 2F
1-1: Swinging Strike
1-2: Ground out 6-3 (Groundball, 6)
Top of the 8th over - 1 run(s), 1 hit(s), 0 error(s), 0 left on base; Boston 10 - Brooklyn 0
BOTTOM OF THE 8TH
Brooklyn Dodgers batting - Pitching for Boston Patriots : RHP Tom Reynolds
Batting: LHB Kelly Brown 0-0: Called Strike
0-1: Foul Ball, location: 2F
0-2: Hit by Pitch
Batting: RHB Sean Davis 0-0: Foul Ball, location: 2F
0-1: Swinging Strike
0-2: Ball
1-2: Ball
2-2: Foul Ball, location: 2F
2-2: Ball
3-2: SINGLE (Groundball, 3D)
Kelly Brown to second
Runner from 2nd tries for 3rd, SAFE, throw made to third
Pinch Hitting: LHB Chris Gregory 0-0: Ball
1-0: Ball
2-0: Ball
3-0: Base on Balls
Sean Davis to second
Batting: LHB Ye Der 0-0: Ball
1-0: Foul Ball, location: 2F
1-1: Ball
2-1: Ball
3-1: Called Strike
3-2: Foul Ball, location: 2F
3-2: Fly out, F9 (Flyball, 89S)
Batting: LHB Pancho García 0-0: Ball
1-0: Called Strike
1-1: Ball
2-1: Ball
3-1: Foul Ball, location: 2F
3-2: Foul Ball, location: 2F
3-2: Strikes out swinging
Batting: RHB Thom Wilcox 0-0: Swinging Strike
0-1: Called Strike
0-2: Ball
1-2: Strikes out looking
Bottom of the 8th over - 0 run(s), 1 hit(s), 0 error(s), 3 left on base; Boston 10 - Brooklyn 0
TOP OF THE 9TH
Boston Patriots batting - Pitching for Brooklyn Dodgers : LHP Dalton García
Pitching: RHP John Kaufman
Batting: LHB Chad Armstrong 0-0: Ball
1-0: Ball
2-0: Called Strike
2-1: Foul Ball, location: 2F
2-2: Ball
3-2: Foul Ball, location: 2F
3-2: Base on Balls
Batting: LHB Bill Chambers 0-0: Ball
1-0: Fielders Choice at 2nd, 5-4 (Groundball, 56)
Batting: RHB Manuel Villarreal 0-0: Swinging Strike
0-1: Swinging Strike
0-2: Ball
1-2: Foul Ball, location: 2F
1-2: Strikes out looking
Batting: RHB Bob Heller 0-0: Swinging Strike
0-1: Ball
1-1: Ball
2-1: Foul Ball, location: 2F
2-2: Strikes out swinging
Top of the 9th over - 0 run(s), 0 hit(s), 0 error(s), 1 left on base; Boston 10 - Brooklyn 0
BOTTOM OF THE 9TH
Brooklyn Dodgers batting - Pitching for Boston Patriots : RHP Tom Reynolds
Batting: LHB Ray Sears 0-0: Foul Ball, location: 2F
0-1: Ball
1-1: Ball
2-1: Swinging Strike
2-2: Strikes out swinging, 2-3 out at first.
Batting: LHB Tony Dyer 0-0: Called Strike
0-1: Ball
1-1: DOUBLE (Line Drive, 8RD)
Pitching: RHP Yuri Volkers
Batting: LHB Rubén López 0-0: Ball
1-0: Called Strike
1-1: Foul Ball, location: 2F
1-2: Foul Ball, location: 2F
1-2: Strikes out swinging
Batting: LHB Kelly Brown 0-0: Ball
1-0: Ball
2-0: Foul Ball, location: 2F
2-1: Ground out 5-3 (Groundball, 5L)
Bottom of the 9th over - 0 run(s), 1 hit(s), 0 error(s), 1 left on base; Boston 10 - Brooklyn 0
This league is powered by Out of the Park Baseball, the baseball management simulation game for PC, Mac and Linux
Friday, October 23rd, 2015 - OOTP Baseball 16.9 Build 39